 Dungeon Crawl Stone Soup version 0.31-a0-246-g8cbcc1cb85 (webtiles) character file.

Game seed: 3829233057000813211

37 qw the Shooter (level 3, -6/21 HPs)
             Began as a Gargoyle Hexslinger on July 12, 2023.
             Mangled by Sigmund
             ... wielding a +0 scythe
              (9 damage)
             ... on level 1 of the Dungeon.
             The game lasted 00:00:27 (987 turns).

qw the Shooter (Gargoyle Hexslinger)                 Turns: 987, Time: 00:00:27

Health: -6/21      AC:  5    Str:  8 (11) XL:     3   Next: 39%
Magic:  4/4        EV: 12    Int: 12 (13) God:
Gold:   66         SH:  0    Dex: 11 (14) Spells: 3/4 levels left

rFire   . . .        Y - +1 sling
rCold   . . .        (no shield)
rNeg    + . .        c - +0 robe
rPois   inf          (no helmet)
rElec   +            (no cloak)
rCorr   .            (no gloves)
SInv    .            (no boots)
Will    .....        (no amulet)
Stlth   +            (no ring)
HPRegen 0.23/turn    (no ring)
MPRegen 0.09/turn

%: no passive effects
@: no status effects
A: sickness immunity, AC +3, negative energy resistance 1, electricity
resistance, torment resistance 1, petrification resistance
a: no special abilities


You were on level 1 of the Dungeon.
You visited 1 branch of the dungeon, and saw 2 of its levels.

You collected 66 gold pieces.


Innate Abilities, Weirdness & Mutations

You are immune to sickness and miasma.
Your stone body is resilient. (AC +3)
You are immune to poison.
You resist negative energy. (rN+)
You are resistant to electric shocks. (rElec)
You are resistant to unholy torment.
You are immune to petrification.


   Skills:
 - Level 2.0 Fighting
 + Level 3.3 Ranged Weapons
 - Level 1.5 Dodging
 - Level 1.0 Spellcasting
 - Level 2.6 Hexes


You had 3 spell levels left.
You knew the following spells:

 Your Spells              Type           Power      Damage    Failure   Level
a - Slow                  Hex            28%        N/A       10%         1

Your spell library contained the following spells:

 Spells                   Type           Power      Damage    Failure   Level
 Inner Flame              Hex/Fire       3%         N/A       45%         3
 Portal Projectile        Hex/Tloc       6%         N/A       45%         3
 Cause Fear               Hex            3%         N/A       69%         4

Inventory:

Hand Weapons
 Y - a +1 sling (weapon)
Armour
 c - a +0 robe (worn)
Scrolls
 e - a scroll of enchant armour
Potions
 f - a potion of heal wounds {unknown}
 g - a potion of enlightenment
 i - a potion of magic {unknown}

Dungeon Overview and Level Annotations

Branches:
Dungeon (2/15)

Altars:

Annotations:
D:1 Sigmund


Message History

Sigmund points at you and mumbles some strange words.
You resist with significant effort. Sigmund barely misses you.
You shoot a sling bullet. The sling bullet hits Sigmund.
Sigmund is heavily wounded.
Sigmund casts a spell.
Sigmund flickers and vanishes!
Deactivating autopickup; reactivate with Ctrl-A.
You shoot a sling bullet.
The sling bullet closely misses the rat.
Something hits you!
980 ||| STAIRDANCE The rat misses you.
You climb upwards.
Reactivating autopickup.
There is a stone staircase leading down here.
Enter note:
Enter note:
Enter note:
Enter note:
Enter note:
Enter note: You shoot a sling bullet.
The sling bullet hits the rat.
You kill the rat!
Something barely misses you.
You start resting.
Something hits you.
Deactivating autopickup; reactivate with Ctrl-A.
Autopickup is now on.
You start resting.
Something hits you.
Deactivating autopickup; reactivate with Ctrl-A.
Autopickup is now on.
You start resting.
You hear some strange, mumbled words.
A puff of flame appears from out of thin air!
Deactivating autopickup; reactivate with Ctrl-A.
The puff of flame hits you!
You shoot a sling bullet. Something hits you!
You die...

#.# #.~~~~.~~~~~....#.# #.
#.#####.~~~~.......#..#.###.
#.............~~~~........#.
#####.#.~~~~~.~~~~....#.#.#.
#...~~~~~.~~~~.#........
###.~~~~~.~~~~..#####.##
#.~~~~~.~~~~........#
#............########
#########...@{...####
#..........####..#
#.#######..####..# #.#
#####..##.#..# #.#
#............### #.#
#.###..........# #.# #.#
#........#.########
#.###.###.###.............#
#.........#
##...########.###


There were no monsters in sight!

Vanquished Creatures
  3 endoplasms (D:1)
  A giant cockroach (D:1)
  4 goblins (D:1)
  2 hobgoblins (D:1)
  8 jackals (D:1)
  A quokka (D:1)
  3 ball pythons (D:1)
  5 bats (D:1)
  2 kobolds (D:1)
  A rat (D:1)
30 creatures vanquished.

Notes
Turn   | Place    | Note
-------+----------+-------------------------------------------
     0 | D:1      | qw the Gargoyle Hexslinger began the quest for the Orb.
     0 | D:1      | Reached XP level 1. HP: 12/12 MP: 2/2
     0 | D:1      | 0 ||| qw: Version: 0.3-a-52-g30416fa
     0 | D:1      | 0 ||| qw: Game counter: 6504
     0 | D:1      | 0 ||| qw: Melee chars always use a shield: true
     0 | D:1      | 0 ||| qw: God list: Okawaru
     0 | D:1      | 0 ||| qw: Allow faded altars: false
     0 | D:1      | 0 ||| qw: Do Orc after clearing Dungeon:15 true
     0 | D:1      | 0 ||| qw: Do second Lair branch before Depths: true
     0 | D:1      | 0 ||| qw: Lair rune preference: random
     0 | D:1      | 0 ||| qw: Goals: Normal
     0 | D:1      | 0 ||| PLANNING D:1-11
   168 | D:1      | Reached XP level 2. HP: 16/16 MP: 3/3
   316 | D:1      | Reached skill level 3 in Ranged Weapons
   541 | D:1      | Reached XP level 3. HP: 21/21 MP: 4/4
   611 | D:1      | 611 ||| FLEEEEING.
   612 | D:1      | 612 ||| FLEEEEING.
   613 | D:1      | 613 ||| FLEEEEING.
   614 | D:1      | 614 ||| FLEEEEING.
   615 | D:1      | 615 ||| FLEEEEING.
   616 | D:1      | 616 ||| FLEEEEING.
   617 | D:1      | 617 ||| FLEEEEING.
   618 | D:1      | 618 ||| FLEEEEING.
   619 | D:1      | 619 ||| FLEEEEING.
   620 | D:1      | 620 ||| FLEEEEING.
   621 | D:1      | 621 ||| FLEEEEING.
   622 | D:1      | 622 ||| FLEEEEING.
   623 | D:1      | 623 ||| FLEEEEING.
   624 | D:1      | 624 ||| FLEEEEING.
   625 | D:1      | 625 ||| FLEEEEING.
   626 | D:1      | 626 ||| FLEEEEING.
   627 | D:1      | 627 ||| FLEEEEING.
   628 | D:1      | 628 ||| FLEEEEING.
   629 | D:1      | 629 ||| FLEEEEING.
   630 | D:1      | 630 ||| FLEEEEING.
   631 | D:1      | 631 ||| FLEEEEING.
   632 | D:1      | 632 ||| FLEEEEING.
   633 | D:1      | 633 ||| FLEEEEING.
   634 | D:1      | 634 ||| FLEEEEING.
   635 | D:1      | 635 ||| FLEEEEING.
   636 | D:1      | 636 ||| FLEEEEING.
   637 | D:1      | 637 ||| FLEEEEING.
   638 | D:1      | 638 ||| FLEEEEING.
   639 | D:1      | 639 ||| FLEEEEING.
   640 | D:1      | 640 ||| FLEEEEING.
   641 | D:1      | 641 ||| FLEEEEING.
   642 | D:1      | 642 ||| FLEEEEING.
   643 | D:1      | 643 ||| FLEEEEING.
   644 | D:1      | 644 ||| FLEEEEING.
   645 | D:1      | 645 ||| FLEEEEING.
   646 | D:1      | 646 ||| FLEEEEING.
   647 | D:1      | 647 ||| FLEEEEING.
   930 | D:1      | 930 ||| READING scroll labelled QOTAB WUATZ.
   931 | D:1      | 931 ||| READING 2 scrolls labelled TEUJOB MIGHEGE.
   932 | D:1      | 932 ||| READING scroll labelled POTEOSK GEVEODYOZO.
   933 | D:1      | 933 ||| READING scroll labelled XARUDOPLOF.
   934 | D:1      | 934 ||| DRINKING 2 green potions.
   935 | D:1      | 935 ||| DRINKING 2 blue potions.
   936 | D:1      | 936 ||| DROPPING scroll of poison.
   937 | D:1      | 937 ||| DROPPING potion of degeneration.
   974 | D:2      | Noticed Sigmund
   980 | D:2      | 980 ||| STAIRDANCE
   986 | D:1      | HP: 2/21 [something/puff of flame (10)]
   987 | D:1      | Mangled by Sigmund

Levels and vault maps discovered:
D:1:      eino_arrival_cavern_a, layout_loops_corners, kennysheep_crisscross,
          minivault_14
D:2:      layout_rooms, minmay_3d_cube, uniq_sigmund

Skill      XL: |  1  2  3 |
---------------+----------+-----
Ranged Weapons | 3 |  3.3
Fighting       | 2 |  2.0
Dodging        | |  1.5
Spellcasting   | |  1.0
Hexes          | |  2.6

Action                     || total
---------------------------++-------
   Fire: Sling             ||    88
    Use: Scroll            ||     4
         Potion            ||     2
 Armour: Robe              ||    36
  Dodge: Dodged            ||    70

Table legend:
 A = Non-vault XP
 B = Vault XP
 C = Vault XP percentage of total XP
 D = Non-vault monster count
 E = Vault monster count
 F = Vault count percentage of total count
                 A         B        C        D         E       F
            +---------+---------+-------+---------+---------+-------
      Total |      53 |       0 |   0.0 |      30 |       0 |   0.0
            +---------+---------+-------+---------+---------+-------
        D:1 |      53 |       0 |   0.0 |      30 |       0 |   0.0
            +---------+---------+-------+---------+---------+-------
